 Dungeon Crawl Stone Soup version 0.29-a0-872-g797fff5ad1 (webtiles) character file.

Game seed: 10123111729886471516

34 jimonade the Sneak (level 3, 0/22 HPs)
             Began as a Kobold Brigand on July 19, 2022.
             Slain by an orc
             ... wielding a +0 mace
              (2 damage)
             ... on level 2 of the Dungeon.
             The game lasted 00:01:40 (1629 turns).

jimonade the Sneak (Kobold Brigand)                 Turns: 1629, Time: 00:01:41

Health: 0/22       AC:  3    Str:  8    XL:     3   Next: 50%
Magic:  3/3        EV: 14    Int: 12    God:
Gold:   92         SH:  0    Dex: 18    Spells: 2/2 levels left

rFire   . . .      SeeInvis .   l - +1 dagger (venom)
rCold   . . .      Faith    .   (no shield)
rNeg    . . .      Spirit   .   n - +0 robe
rPois   .          Reflect  .   (no helmet)
rElec   .          Harm     .   c - +0 cloak
rCorr   .          Rampage  .   (no gloves)
Will    .....                   (no boots)
Stlth   +++++.....              (no amulet)
HPRegen 0.07/turn               (no ring)
MPRegen 0.08/turn               (no ring)

@: no status effects
A: small, no large weapons, nightstalker 3
a: no special abilities


You were on level 2 of the Dungeon.
You visited 1 branch of the dungeon, and saw 2 of its levels.

You collected 92 gold pieces.

Inventory:

Hand Weapons
 a - a +2 dagger
 b - a +0 sling
 l - a +1 dagger of venom (weapon)
Missiles
 d - 9 poisoned darts (quivered)
 e - 3 curare-tipped darts
 i - 14 stones
 k - 5 atropa-tipped darts
Armour
 c - a +0 cloak (worn)
 n - a +0 robe (worn)
Jewellery
 h - a ring of fire
Scrolls
 g - 3 scrolls of identify {unknown}
 j - a scroll of teleportation {unknown}
Potions
 m - a potion of haste {unknown}


   Skills:
 + Level 2.3 Fighting
 + Level 3.1 Short Blades
 - Level 2.1 Throwing
 + Level 1.2 Dodging
 * Level 6.6 Stealth


You had 2 spell levels left.
You didn't know any spells.
Your spell library contained the following spells:

 Spells                   Type           Power      Damage    Failure   Level
 Call Canine Familiar     Summ           0%         N/A       69%         3
 Portal Projectile        Hex/Tloc       0%         N/A       69%         3
 Leda's Liquefaction      Hex/Erth       0%         N/A       97%         4


Dungeon Overview and Level Annotations

Branches:
Dungeon (2/15)

Altars:


Innate Abilities, Weirdness & Mutations

You are small and have problems with some larger weapons.
You are completely attuned to the shadows.


Message History

You kill the worm!
Your Short Blades skill increases to level 3!
No target in view!
HP restored.
You see here a worm corpse.
A ball python comes into view.
The helpless ball python fails to defend itself.
You skewer the ball python like a kebab!!!
You kill the ball python!
No target in view!
An endoplasm comes into view.
An endoplasm is nearby!
An orc comes into view. It is wielding a +0 war axe.
An orc comes into view. It is wielding a +0 mace.
The helpless endoplasm fails to defend itself.
You perforate the endoplasm like a sieve!!!
You kill the endoplasm!
The orc shouts! x2
You closely miss the orc. The orc closely misses you.
You hit the orc.
The orc is heavily wounded.
You barely miss the orc. You hit the orc but do no damage.
The orc completely misses you.
You hit the orc but do no damage.
The orc is poisoned.
An orc priest comes into view. It is wielding a +2 whip of freezing.
The orc priest shouts!
You hit the orc.
You kill the orc!
The orc hits you with a +0 mace.
The orc priest calls down the wrath of Beogh upon you.
Beogh smites you!
Ouch! That really hurt!
* * * LOW HITPOINT WARNING * * *
You hear a shout!
The orc hits you with a +0 mace.
* * * LOW HITPOINT WARNING * * *
The orc attacks as you move away! The orc barely misses you.
The orc looks more healthy.
The orc attacks as you move away! The orc hits you with a +0 mace.
You die...

...#.#.#
#.......#.#
#.##.#.#
##.##...#.# ..
#.#.#
#.##..##.#
####.##o.# .#
........##
####.##.#
#.##.###.
.##..o.....
..'..@....##
..####.....# .
#...#.# #.#.#.#
#.#.#.# #.....#
#.# ###.### #.#
#######.#
##.##.......#.#


You could see an orc.

Vanquished Creatures
  A worm (D:2)
  2 dart slugs (D:1)
  An orc (D:2)
  3 ball pythons
  3 endoplasms
  A giant cockroach (D:1)
  3 goblins (D:1)
  2 hobgoblins (D:1)
  A quokka (D:1)
  5 bats
  A frilled lizard (D:1)
  A kobold (D:1)
  2 rats (D:1)
26 creatures vanquished.

Notes
Turn   | Place    | Note
-------+----------+-------------------------------------------
     0 | D:1      | jimonade the Kobold Brigand began the quest for the Orb.
     0 | D:1      | Reached XP level 1. HP: 12/12 MP: 1/1
   239 | D:1      | Reached XP level 2. HP: 9/17 MP: 2/2
   467 | D:1      | Reached skill level 6 in Stealth
  1016 | D:1      | Found a faded altar of an unknown god.
  1044 | D:1      | Reached XP level 3. HP: 21/21 MP: 3/3
  1619 | D:2      | HP: 1/22 [orc/+0 mace (3)]
  1629 | D:2      | Slain by an orc

Illustrated notes

Levels and vault maps discovered:
D:1:      nagdon_arrival_double_spiral, layout_loops_ring,
          hellmonk_ecumenical_altar_blasted, wad_floor_pattern_untrapped,
          glass_columns_a, nicolae_figureground_sparkle
D:2:      layout_loops_corners

Skill      XL: |  1  2  3 |
---------------+----------+-----
Stealth        | 6 |  6.6
Short Blades   | 3 |  3.1
Fighting       | |  2.3
Throwing       | |  2.1
Dodging        | |  1.2

Action                   || total
-------------------------++-------
Melee: Dagger            ||    60
       Punch             ||     2
 Stab: Sleeping          ||    11
Armor: Robe              ||     5
Dodge: Dodged            ||    26

Table legend: (Time is in decaauts)
 A = Elapsed time spent in this place.
 B = Non-inter-level travel time spent in this place.
 C = Inter-level travel time spent in this place.
 D = Time resting spent in this place.
 E = Time spent auto-exploring this place.
 F = Levels seen in this place.
 G = Mean time per level.
                   A        B        C        D        E       F      G
               +--------+--------+--------+--------+--------+-----+--------+
         Total |   1619 |   1571 |     48 |      0 |   1385 |   2 |  809.5 |
       Dungeon |   1619 |   1571 |     48 |      0 |   1385 |   2 |  809.5 |
               +--------+--------+--------+--------+--------+-----+--------+

Top non-repeatable levels by time:
     D:1: 1356 daAuts
     D:2: 262 daAuts
